 Dungeon Crawl Stone Soup version 0.22-a0-425-g89d60a1 (webtiles) character file.

46 Borgoz the Ruffian (level 3, -3/29 (31) HPs)
             Began as a Ghoul Monk on May 24, 2018.
             Slain by Findor's ghost (19 damage)
             ... on level 3 of the Dungeon.
             The game lasted 00:02:37 (1758 turns).

Borgoz the Ruffian (Ghoul Monk)                     Turns: 1758, Time: 00:02:38

HP:   -3/29 (31)    AC:  2    Str: 14    XL:     3   Next: 66%
MP:   2/2           EV: 13    Int:  5    God:
Gold: 135           SH:  0    Dex: 12    Spells: 2/2 levels left

rFire    . . .     SeeInvis .     - Unarmed
rCold    + . .     Gourm    .   (no shield)
rNeg     + + +     Faith    .   a - +0 robe
rPois    ∞         Spirit   .   (no helmet)
rElec    .         Reflect  .   (no cloak)
rCorr    .         Harm     .   (no gloves)
MR       .....                  (no boots)
Stlth    ++........             (no amulet)
HPRegen  0.00/turn              (no ring)
MPRegen  0.08/turn              (no ring)

@: rotting
A: rotting body, claws 1, carnivore, cold resistance 1, negative energy
resistance 3, inhibited regeneration, torment resistance, unbreathing
a: no special abilities


You were on level 3 of the Dungeon.
You were not hungry.

You visited 1 branch of the dungeon, and saw 3 of its levels.

You collected 135 gold pieces.

Inventory:

Armour
 a - a +0 robe (worn)
Jewellery
 m - an uncursed ring of flight {unknown}
Scrolls
 d - 4 scrolls of identify {unknown}
 e - 2 scrolls of remove curse {unknown}
 h - 2 scrolls of enchant armour {unknown}
 j - a scroll of teleportation {unknown}
 k - a scroll of blinking {unknown}
 o - 2 scrolls of amnesia {unknown}
Potions
 c - a potion of might {unknown}
 g - 3 potions of flight {unknown}
 i - 2 potions of curing {unknown}
 l - a potion of lignification {unknown}
 n - a potion of ambrosia {unknown}
 p - a potion of degeneration {unknown}
Comestibles
 b - 10 rations


   Skills:
 + Level 3.6 Fighting
 * Level 1.5 Armour
 * Level 3.2 Dodging
 - Level 2.1 Stealth
 + Level 3.6 Unarmed Combat


You had 2 spell levels left.
You didn't know any spells.
Your spell library was empty.

Dungeon Overview and Level Annotations

Branches:
Dungeon (3/15)

Altars:

Annotations:
D:3 Findor's ghost, amateur OpNe


Innate Abilities, Weirdness & Mutations

Your body is rotting away.
You thrive on raw meat.
You are immune to poison.
You have sharp fingernails.
You are carnivorous and can eat meat at any time.
Your flesh is cold resistant. (rC+)
You are immune to negative energy. (rN+++)
You do not regenerate when monsters are visible.
You are immune to unholy pain and torment.
You can survive without breathing.


Message History

You scratch Findor's ghost.
Findor's ghost is heavily damaged.
Findor's ghost hits you.
You barely miss Findor's ghost.
Findor's ghost is heavily damaged.
Findor's ghost misses you.
You barely miss Findor's ghost.
Findor's ghost is heavily damaged.
Findor's ghost misses you.
You claw Findor's ghost!
Findor's ghost is severely damaged.
Findor's ghost misses you.
You miss Findor's ghost.
Findor's ghost is severely damaged.
Findor's ghost misses you.
You miss Findor's ghost.
Findor's ghost is severely damaged.
Findor's ghost hits you.
You are electrocuted!
Ouch! That really hurt!
You die...

#####.......##.#
..##.........#.#
..>+.........'..
#.##.........#
#.# #.......#
#.# #..†..# #.#
##...##
##.######W##
#......##@#
##..###.##.#
#<...(#.##.##
#.###.#.#...####
#.#
#....†........
#.#
#...#...######
#........#.##
##.......#.#
###.......#


You could see Findor's ghost.

Vanquished Creatures
  An ooze (D:2)
  A worm (D:1)
  A dart slug (D:2)
  A leopard gecko (D:2)
  3 bats (D:1)
  2 goblins
  4 hobgoblins
  6 jackals
  A quokka (D:2)
  3 frilled lizards (D:1)
  6 kobolds
  A quokka skeleton (D:2)
  5 rats
35 creatures vanquished.

Notes
Turn   | Place    | Note
-------+----------+-------------------------------------------
     0 | D:1      | Borgoz the Ghoul Monk began the quest for the Orb.
     0 | D:1      | Reached XP level 1. HP: 19/19 MP: 0/0
   575 | D:1      | Reached XP level 2. HP: 25/26 MP: 1/1
   750 | D:1      | Reached skill level 1 in Armour
  1034 | D:2      | Reached XP level 3. HP: 20/31 MP: 2/2
  1736 | D:3      | Noticed Findor's ghost (amateur OpNe)
  1758 | D:3      | Slain by Findor's ghost

Vault maps used:
D:1:      dpeg_arrival_brainrot, minivault_19
D:2:      minmay_door_path
D:3:      first_ration, chequers_ecumenical_altar_simple_redux,
          serial_park_tiny_2

Skill      XL: |  1  2 |
---------------+-------+-----
Dodging        | 3 |  3.2
Armour         | 1 |  1.5
Fighting       | |  3.6
Stealth        | |  2.1
Unarmed Combat | |  3.6

Action                   || total
-------------------------++-------
Melee: Unarmed           ||   119
       Punch             ||     1
 Stab: Sleeping          ||     6
  Eat: Chunk             ||    19
Armor: Robe              ||    16
Dodge: Dodged            ||    92

Table legend:
 A = Spawn XP
 B = Non-spawn XP
 C = Spawn XP percentage of total XP
 D = Spawn monster count
 E = Non-spawn monster count
 F = Spawn count percentage of total count
 G = Total turns spent on level
                    A         B        C        D         E        F      G
               +---------+---------+-------+---------+---------+-------+---------
         Total |       0 |      66 |   0.0 |       0 |      35 |   0.0 |  1758
               +---------+---------+-------+---------+---------+-------+---------
           D:1 |       0 |      29 |   0.0 |       0 |      17 |   0.0 |   916
           D:2 |       0 |      33 |   0.0 |       0 |      15 |   0.0 |   800
           D:3 |       0 |       4 |   0.0 |       0 |       3 |   0.0 |    42
               +---------+---------+-------+---------+---------+-------+---------
